 Dungeon Crawl Stone Soup version 0.30-a0-626-gd6a5dd7a1f (webtiles) character file.

Game seed: 9389333782217862351

25 Citaku the Covered (level 2, 0/27 HPs)
             Began as a Minotaur Fighter on Jan 10, 2023.
             Slain by a goblin
             ... wielding a +0 club
              (1 damage)
             ... on level 1 of the Dungeon on Jan 11, 2023.
             The game lasted 00:02:02 (621 turns).

Citaku the Covered (Minotaur Fighter)                Turns: 621, Time: 00:02:03

Health: 0/27       AC:  7    Str: 20    XL:     2   Next: 82%
Magic:  1/1        EV:  9    Int:  5    God:
Gold:   43         SH:  4    Dex:  9    Spells: 1/1 levels left

rFire   . . .      SeeInvis .    a - +0 war axe
rCold   . . .      Faith    .    c - +0 buckler
rNeg    . . .      Spirit   .    b - +0 scale mail
rPois   .          Reflect  .    (helmet restricted)
rElec   .          Harm     .    (no cloak)
rCorr   .          Rampage  .    (no gloves)
Will    .....                    (no boots) Stlth
                                 (no amulet)
HPRegen 0.24/turn                (no ring)
MPRegen 0.07/turn                (no ring)

@: no status effects
A: horns 2, retaliatory headbutt
a: no special abilities


You were on level 1 of the Dungeon.
You visited 1 branch of the dungeon, and saw 1 of its levels.

You collected 43 gold pieces.

Inventory:

Hand Weapons
 a - a +0 war axe (weapon)
Armour
 b - a +0 scale mail (worn)
 c - a +0 buckler (worn)
Scrolls
 e - a scroll of amnesia {unknown}
 f - a scroll of teleportation {unknown}
 g - a scroll of identify {unknown}
Potions
 d - 2 potions of might


   Skills:
 + Level 3.9 Fighting
 * Level 3.0 Axes
 * Level 4.1 Armour
 + Level 3.8 Shields


You had one spell level left.
You didn't know any spells.
Your spell library was empty.

Dungeon Overview and Level Annotations

Branches:
Dungeon (1/15)

Altars:


Innate Abilities, Weirdness & Mutations

You have a pair of horns on your head.
You reflexively headbutt those who attack you in melee.


Message History

You block the ball python's attack. The ball python constricts you.
The quokka barely misses you. The ball python barely misses you.
The ball python constricts you. The quokka barely misses you.
You block the ball python's attack. The ball python constricts you.
The goblin hits you but does no damage.
The quokka bites you but does no damage.
The ball python bites you but does no damage.
The ball python constricts you. The goblin hits you with a +0 club.
The quokka bites you but does no damage.
The ball python bites you but does no damage.
The ball python constricts you.
The quokka bites you but does no damage.
The goblin barely misses you.
The ball python bites you but does no damage.
The ball python constricts you. The quokka bites you.
The goblin hits you with a +0 club. The ball python barely misses you.
You furiously retaliate!
You headbutt the ball python!
You kill the ball python!
The quokka bites you. The goblin barely misses you.
The quokka barely misses you. You block the goblin's attack.
The quokka bites you but does no damage.
The goblin hits you with a +0 club. The quokka barely misses you.
The quokka bites you. The goblin closely misses you. The quokka bites you.
You block the goblin's attack. The quokka bites you.
* * * LOW HITPOINT WARNING * * *
The goblin hits you with a +0 club.
* * * LOW HITPOINT WARNING * * *
The quokka bites you.
* * * LOW HITPOINT WARNING * * *
The goblin hits you but does no damage. The quokka closely misses you.
The goblin hits you with a +0 club.
* * * LOW HITPOINT WARNING * * *
The quokka bites you.
* * * LOW HITPOINT WARNING * * *
The quokka bites you but does no damage.
The goblin hits you with a +0 club.
You die...

.........
......... .
......... #
#........ ###
##+##........
###..
#............
##....
#....rg......
#....# #....@#
##...#. #.....#
#..†#.. ##'####
#...#.) #.#
#...#.. #.#
.##...#.. #.#
#...###...#. #.#
#...# #....# #.#
#####...####....
#.# #........#
###..


You could see a quokka and a goblin.

Vanquished Creatures
  A dart slug (D:1)
  2 ball pythons (D:1)
  3 bats (D:1)
  2 endoplasms (D:1)
  3 giant cockroaches (D:1)
  2 goblins (D:1)
  2 hobgoblins (D:1)
  2 quokkas (D:1)
  A rat (D:1)
18 creatures vanquished.

Notes
Turn   | Place    | Note
-------+----------+-------------------------------------------
     0 | D:1      | Citaku the Minotaur Fighter began the quest for the Orb.
     0 | D:1      | Reached XP level 1. HP: 19/19 MP: 0/0
   244 | D:1      | Reached XP level 2. HP: 22/27 MP: 1/1
   251 | D:1      | Reached skill level 4 in Armour
   533 | D:1      | Upgraded the game from 0.30-a0-620-g0e44632947 to
                  | 0.30-a0-626-gd6a5dd7a1f
   620 | D:1      | HP: 1/27 [quokka (1)]
   621 | D:1      | Slain by a goblin

Illustrated notes

Levels and vault maps discovered:
D:1:      dpeg_arrival_oval, layout_basic, hex_medium,
          ebering_dispersal_statue_hall, minmay_misc_feat_cross,
          hangedman_decor_diamond_cutter, reono_crystal_passage

Skill      XL: |  1  2 |
---------------+-------+-----
Armour         | 4 |  4.1
Axes           | 3 |  3.0
Fighting       | |  3.9
Shields        | |  3.8

Action                   || total
-------------------------++-------
Melee: War axe           ||    25
       Headbutt          ||     5
Armor: Scale mail        ||    31
Dodge: Dodged            ||    37
Block: Buckler           ||    12

Table legend: (Time is in decaauts)
 A = Elapsed time spent in this place.
 B = Non-inter-level travel time spent in this place.
 C = Inter-level travel time spent in this place.
 D = Time resting spent in this place.
 E = Time spent auto-exploring this place.
 F = Levels seen in this place.
 G = Mean time per level.
                   A        B        C        D        E       F      G
               +--------+--------+--------+--------+--------+-----+--------+
         Total |    630 |    630 |      0 |      0 |    411 |   1 |  630.0 |
       Dungeon |    630 |    630 |      0 |      0 |    411 |   1 |  630.0 |
               +--------+--------+--------+--------+--------+-----+--------+

Top non-repeatable levels by time:
     D:1: 630 daAuts
